 Dungeon Crawl Stone Soup version 0.30-a0-457-g4b7bca3bfa (webtiles) character file.

Game seed: 9831842308743197970

19982 cforsyth the Fighter (level 12, -8/113 HPs)
             Began as a Minotaur Berserker on Dec 13, 2022.
             Was a High Priest of Trog.
             Mangled by a komodo dragon (51 damage)
             ... on level 1 of the Lair of Beasts.
             The game lasted 00:24:56 (14202 turns).

cforsyth the Fighter (Minotaur Berserker)          Turns: 14202, Time: 00:24:57

Health: -8/113     AC: 22    Str: 29    XL:     12   Next: 41%
Magic:  11/11      EV:  2    Int:  4    God:    Trog [*****.]
Gold:   1756       SH:  0    Dex: 10    Spells: 11/11 levels left

rFire   + + +      SeeInvis .    b - +1 war axe
rCold   . . .      Faith    .    (no shield)
rNeg    + + .      Spirit   .    C - +5 plate armour "Japosk" {rPois rF+ rN++ Str-2}
rPois   +          Reflect  .    (helmet restricted)
rElec   .          Harm     .    (no cloak)
rCorr   .          Rampage  .    (no gloves)
Will    ++...                    e - +0 pair of boots
Stlth   ..........               j - amulet "Adubynynk" {Fragile rF+++ Will++ Regen+ Str+4}
HPRegen 1.18/turn                (no ring)
MPRegen 0.12/turn                (no ring)

@: sleeping, on berserk cooldown, slowed
A: horns 2, retaliatory headbutt
a: Renounce Religion, Berserk, Trog's Hand, Brothers in Arms


You were on level 1 of the Lair of Beasts.
You worshipped Trog.
Trog was extremely pleased with you.
You visited 2 branches of the dungeon, and saw 12 of its levels.
You also visited: Ossuary and Bailey.

You collected 1784 gold pieces.
You spent 28 gold pieces at shops.

Inventory:

Hand Weapons
 b - a +1 war axe (weapon)
Missiles
 w - a throwing net (quivered)
Armour
 e - a +0 pair of boots (worn)
 C - the +5 plate armour "Japosk" (worn) {rPois rF+ rN++ Str-2}
   (You found it on level 1 of the Lair of Beasts)

   Str:       It affects your strength (-2).
   rF:        It protects you from fire.
   rPois:     It protects you from poison.
   rN:        It greatly protects you from negative energy.
Jewellery
 j - the amulet "Adubynynk" (around neck) {Fragile rF+++ Will++ Regen+ Str+4}
   (You acquired it on level 9 of the Dungeon)

   [amulet of regeneration]

   Str:       It affects your strength (+4).
   rF:        It renders you almost immune to fire.
   Regen:     It increases your rate of health regeneration.
   Fragile:   It will be destroyed if unequipped.
   Will:      It greatly increases your willpower.
Wands
 a - a wand of roots (13)
 q - a wand of flame (23)
 B - a wand of paralysis (9)
Scrolls
 d - 6 scrolls of poison
 g - 8 scrolls of fear
 h - a scroll of immolation
 k - 5 scrolls of enchant armour
 n - 2 scrolls of butterflies
 p - 3 scrolls of fog
 r - a scroll of teleportation
 x - a scroll of silence
 y - a scroll of brand weapon
 z - a scroll of identify
 E - a scroll of vulnerability
Potions
 c - 7 potions of heal wounds
 f - 8 potions of might
 i - 8 potions of curing
 l - a potion of lignification
 m - a potion of resistance
 o - 2 potions of mutation
 s - 2 potions of cancellation
 t - 2 potions of haste
 u - 2 potions of attraction
 A - 3 potions of flight


   Skills:
 + Level 12.9 Fighting
 + Level 12.9 Axes
 + Level 12.7 Armour
 + Level 11.7 Dodging


You had 11 spell levels left.
You didn't know any spells.
Your spell library was empty.

Dungeon Overview and Level Annotations

Branches:
Dungeon (11/15)            Temple (0/1) D:6            Lair (1/5) D:11
Ossuary (visited)          Bailey (visited)
    Orc: D:9-12

Altars:
Cheibriados
Trog
Xom

Shops:
D:3 *

Annotations:
D:9 4 transporters, Jackthecabe's ghost, novice DgCj
D:11 exclusion: 2 statues


Innate Abilities, Weirdness & Mutations

You have a pair of horns on your head.
You reflexively headbutt those who attack you in melee.


Message History

You slice the dream sheep!!
You kill the dream sheep!
Trog accepts your kill.
You slash the dream sheep!
You kill the dream sheep!
Trog accepts your kill.
You feel sick.
You feel sick.
A komodo dragon comes into view.
The dream sheep barely misses you.
Things that are here:
a dream sheep corpse; a cane toad corpse You slice the dream sheep!!
You punch the dream sheep.
You kill the dream sheep!
Trog accepts your kill.
You feel sick.
You feel sick.
You feel a strong urge to attack something.
You feel sick.
You feel your anger nearly subside.
You are no longer berserk.
You are exhausted.
You feel yourself slow down.
You feel sick.
You feel sick.
The dream sheep ruffles its wool and motes of dream dust sparkle, to no effect.
You feel sick.
You are no longer poisoned.
The dream sheep ruffles its wool and motes of dream dust sparkle, to no effect.
The dream sheep ruffles its wool and motes of dream dust sparkle, to no effect.
The dream sheep ruffles its wool and motes of dream dust sparkle, to no effect.
The dream sheep closely misses you.
The dream sheep attacks as you move away!
The dream sheep bites you!
The dream sheep ruffles its wool and motes of dream dust sparkle, to no effect.
The dream sheep ruffles its wool and motes of dream dust sparkle, to no effect.
The dream sheep ruffles its wool and motes of dream dust sparkle, to no effect.
The komodo dragon bites you!
The dream sheep shakes its wool and sparkles.
You feel drowsy...
You fall asleep.
The komodo dragon bites you!!!
You die...

..# ##..............# ###. ..####
##....>........# ### ...#P#
#.............P########.#
.....######.....†................
.......#####.........###.....####
......#..#####.###..###........#.
.....l.#†...#####..###...........
.......†##....###.## #..^........
.........##..Y.l@## #...........
.......######.....# ##..........
......## ##......## #..........
.[..### #........# #P..........
.#.## ##.......####..........
#### #.........##.........(
#...........##........
##........#.##........
#.......###+.##.......


You could see a komodo dragon and a dream sheep.

Vanquished Creatures
  A centaur warrior (D:9)
  A hydra (D:9)
  A boulder beetle (D:8)
  A two-headed ogre (D:11)
  Pikel (D:7)
  An ugly thing (D:9)
  A manticore (D:11)
  3 cane toads (Lair:1)
  A rime drake (D:11)
  A komodo dragon (Lair:1)
  A kobold demonologist (D:11)
  2 trolls (D:11)
  A hornet (D:10)
  5 polar bears
  4 blink frogs (Lair:1)
  Prince Ribbit (D:5)
  3 dream sheep (Lair:1)
  Sigmund (D:2)
  A shadow (D:9)
  A wraith (D:11)
  A culicivora (shapeshifter) (D:9)
  2 wyverns
  19 yaks
  2 basilisks
  A steam dragon (D:7)
  3 vampire mosquitoes (D:11)
  Edmund (D:4)
  An acid dragon (D:10)
  Duvessa (D:7)
  3 ice beasts
  7 orc warriors
  A sky beast (D:8)
  3 black bears
  2 ogres
  8 wolves
  3 elf zombies (Ossuary)
  3 centaurs
  A phantom (D:4)
  11 kobold brigands
  3 necrophages
  4 bullfrogs
  2 scorpions (D:6)
  Dowan (D:7)
  7 wights (D:8)
  5 howler monkeys (D:8)
  3 centaur zombies (Ossuary)
  3 hounds
  2 jellies
  A gnoll bouda (D:9)
  6 human zombies (Ossuary)
  4 orc priests
  7 iguanas
  9 orc wizards
  3 mummies (Ossuary)
  10 gnolls
  9 adders
  A shadow imp (D:5)
  5 white imps
  A howler monkey simulacrum (D:9)
  2 worms
  3 dart slugs
  33 orcs
  5 ball pythons
  7 endoplasms
  2 giant cockroaches
  10 goblins
  4 hobgoblins
  6 jackals
  29 kobolds
  A quokka (D:1)
  9 bats
  9 frilled lizards
  7 rats
318 creatures vanquished.

Vanquished Creatures (collateral kills)
  A boulder beetle (D:9)
  An ugly thing (D:9)
2 creatures vanquished.

Vanquished Creatures (others)
  A bush (D:11)
  A fungus (Lair:1)
2 creatures vanquished.

Grand Total: 322 creatures vanquished

Notes
Turn   | Place    | Note
-------+----------+-------------------------------------------
     0 | D:1      | cforsyth the Minotaur Berserker began the quest for the
                  | Orb.
     0 | D:1      | Reached XP level 1. HP: 19/19 MP: 0/0
   204 | D:1      | Reached XP level 2. HP: 27/27 MP: 1/1
   414 | D:1      | Reached ** piety under Trog
   468 | D:1      | Reached XP level 3. HP: 30/33 MP: 2/2
  1375 | D:2      | Reached XP level 4. HP: 40/40 MP: 3/3
  1850 | D:2      | Noticed Sigmund
  1857 | D:2      | Killed Sigmund
  1858 | D:2      | Reached skill level 5 in Fighting
  1858 | D:2      | Reached skill level 5 in Axes
  1858 | D:2      | Reached XP level 5. HP: 48/48 MP: 4/4
  2406 | D:3      | Reached XP level 6. HP: 48/56 MP: 5/5
  2480 | D:3      | Found Fushres's General Store.
  2490 | D:3      | Bought a scroll of identify for 28 gold pieces
  2523 | D:3      | Reached *** piety under Trog
  3678 | D:4      | Reached skill level 5 in Armour
  3727 | D:4      | Noticed Edmund
  3740 | D:4      | Killed Edmund
  3741 | D:4      | Reached XP level 7. HP: 62/62 MP: 3/6
  4091 | D:5      | Entered Level 5 of the Dungeon
  4353 | D:5      | Reached skill level 5 in Dodging
  4794 | D:5      | Noticed Prince Ribbit
  4805 | D:5      | Reached XP level 8. HP: 67/71 MP: 7/7
  4812 | D:5      | Killed Prince Ribbit
  5198 | D:6      | Found a sand-covered staircase.
  5209 | Ossuary  | Entered an ossuary
  5703 | Ossuary  | Reached XP level 9. HP: 75/81 MP: 8/8
  5838 | D:6      | Found a staircase to the Ecumenical Temple.
  5932 | D:6      | Reached **** piety under Trog
  6174 | D:6      | Found a snail-covered altar of Cheibriados.
  6523 | D:7      | Noticed Pikel
  6528 | D:7      | Killed Pikel
  7263 | D:7      | Noticed Duvessa
  7263 | D:7      | Noticed Dowan
  7269 | D:7      | Killed Duvessa
  7270 | D:7      | Killed Dowan
  7621 | D:8      | Reached XP level 10. HP: 86/91 MP: 7/9
  7998 | D:8      | Reached ***** piety under Trog
  8732 | D:8      | Noticed a boulder beetle
  8740 | D:8      | Killed a boulder beetle
  9087 | D:9      | Identified a scroll of acquirement
  9089 | D:9      | Acquired the amulet "Adubynynk" {Fragile rF+++ Will++
                  | Regen+ Str+4}
  9106 | D:9      | Noticed a wizard
  9106 | D:9      | Noticed a hell hog
  9115 | D:9      | Noticed a toenail golem
  9124 | D:9      | Noticed Jackthecabe's ghost (novice DgCj)
  9215 | D:9      | Found a transporter.
  9218 | D:9      | Found a transporter.
  9231 | D:9      | Found a transporter.
  9234 | D:9      | Noticed a rakshasa
  9235 | D:9      | Noticed a cyclops
  9236 | D:9      | Noticed a centaur warrior
  9238 | D:9      | Found a shimmering altar of Xom.
  9238 | D:9      | Found a transporter.
  9242 | D:9      | Noticed a green ugly thing
  9255 | D:9      | a tarantella changed into a salamander
  9255 | D:9      | Noticed a salamander (shapeshifter)
  9271 | D:9      | Killed a green ugly thing
  9272 | D:9      | Reached skill level 10 in Fighting
  9272 | D:9      | Reached skill level 10 in Axes
  9660 | D:9      | Reached skill level 10 in Armour
 10125 | D:9      | Noticed a four-headed hydra
 10125 | D:9      | Noticed a centaur warrior
 10126 | D:9      | Noticed a brown ugly thing
 10133 | D:9      | Killed a ten-headed hydra
 10138 | D:9      | Killed a centaur warrior
 10139 | D:9      | Reached XP level 11. HP: 93/101 MP: 10/10
 10141 | D:9      | Killed a brown ugly thing
 10422 | D:9      | Noticed a glowing orange brain
 10767 | D:9      | Noticed a boulder beetle
 10791 | D:9      | Killed a boulder beetle
 10792 | D:9      | Reached skill level 10 in Dodging
 10809 | D:10     | Entered Level 10 of the Dungeon
 10882 | D:10     | Found a flagged portal.
 10899 | Bailey   | Entered a bailey
 10900 | Bailey   | Acquired 1135 gold pieces
 11642 | Bailey   | Found an iron altar of Okawaru.
 11941 | D:10     | Noticed a skeletal warrior
 11941 | D:10     | Noticed a skeletal warrior
 11941 | D:10     | Noticed a skeletal warrior
 11941 | D:10     | Noticed a skeletal warrior
 11941 | D:10     | Noticed a skeletal warrior
 12106 | D:10     | Found a bloodstained altar of Trog.
 12457 | D:11     | Noticed an archer statue
 12459 | D:11     | Noticed an archer statue
 12603 | D:11     | Found a staircase to the Lair.
 12829 | D:11     | Noticed a two-headed ogre
 12841 | D:11     | Killed a two-headed ogre
 12842 | D:11     | Reached XP level 12. HP: 112/112 MP: 11/11
 13659 | Lair:1   | Entered Level 1 of the Lair of Beasts
 14126 | Lair:1   | Identified the +5 plate armour "Japosk" {rPois rF+ rN++
                  | Str-2}
 14202 | Lair:1   | Mangled by a komodo dragon

Illustrated notes

Levels and vault maps discovered:
D:1:      wander_arrival_peaceful_grave, layout_basic
D:2:      minmay_skewed_foursquare, layout_basic, uniq_sigmund
D:3:      layout_loops_corners, serial_shops, nicolae_shop_waterfront,
          small_statue_intersection
D:4:      layout_gridville, uniq_edmund
D:5:      layout_rooms, uniq_prince_ribbit1
D:6:      layout_loops_ring, slow_altar_2, minmay_temple_entry_butterflies,
          enter_ossuary_5
D:7:      layout_loops_cross, uniq_crazy_yiuf_cottage, uniq_pikel, uniq_duvessa
D:8:      layout_gridville
D:9:      minmay_sliced_demisemicircle, layout_irregular_city,
          gammafunk_temple_overflow_arena, gammafunk_ghost_abyssal_escape
D:10:     layout_roguey, trog_ov_bears_minmay, enter_bailey_5
D:11:     layout_roguey, hellmonk_lair_entry_icy, minmay_dual_archer_statues
Lair:1:   layout_cave_pods, grunt_megastairs_2

Skill      XL: |  1  2  3  4  5  6  7  8  9 10 11 |
---------------+----------------------------------+-----
Axes           | 4 5 6 7 9 10 12 | 12.9
Fighting       | 4 5 6 7 9 10 12 | 12.9
Armour         | 3 4 5 6 7 9 10 12 | 12.7
Dodging        | 3 4 5 6 8 9 11 | 11.7

Action                   |  1- 3 |  4- 6 |  7- 9 | 10-12 || total
-------------------------+-------+-------+-------+-------++-------
Melee: Hand axe          |    87 |    55 |       |       ||   142
       Headbutt          |     8 |    15 |    64 |    72 ||   159
       Punch             |     1 |       |     4 |     4 ||     9
       War axe           |       |    50 |   311 |   396 ||   757
Invok: Berserk           |       |     2 |     2 |    11 ||    15
       Trog's Hand       |       |       |     1 |       ||     1
       Brothers in Arms  |       |       |       |     2 ||     2
  Use: Scroll            |       |       |    16 |    15 ||    31
       Potion            |       |       |       |     1 ||     1
 Stab: Sleeping          |     2 |       |       |       ||     2
Armor: Animal skin       |    22 |     2 |       |       ||    24
       Ring mail         |       |    15 |       |    89 ||   104
       Scale mail        |       |     9 |   118 |       ||   127
       Chain mail        |       |       |    14 |   108 ||   122
       Plate armour      |       |       |       |     7 ||     7
Dodge: Dodged            |    61 |    75 |   158 |   291 ||   585

Table legend: (Time is in decaauts)
 A = Elapsed time spent in this place.
 B = Non-inter-level travel time spent in this place.
 C = Inter-level travel time spent in this place.
 D = Time resting spent in this place.
 E = Time spent auto-exploring this place.
 F = Levels seen in this place.
 G = Mean time per level.
                   A        B        C        D        E       F      G
               +--------+--------+--------+--------+--------+-----+--------+
         Total |  14360 |  13834 |    526 |   3822 |   7170 |  14 | 1025.7 |
       Dungeon |  12458 |  11933 |    525 |   3007 |   6712 |  11 | 1132.5 |
          Lair |    540 |    540 |      0 |      0 |    393 |   1 |  540.0 |
       Ossuary |    558 |    558 |      0 |    295 |     57 |   1 |  558.0 |
        Bailey |    802 |    802 |      0 |    520 |      8 |   1 |  802.0 |
               +--------+--------+--------+--------+--------+-----+--------+

Top non-repeatable levels by time:
     D:8: 1811 daAuts
     D:9: 1734 daAuts
     D:3: 1330 daAuts
    D:11: 1276 daAuts
     D:4: 1199 daAuts
     D:2: 1063 daAuts
     D:1: 1011 daAuts
     D:7: 960 daAuts
     D:6: 900 daAuts
  Bailey: 802 daAuts
    D:10: 614 daAuts
 Ossuary: 558 daAuts
     D:5: 556 daAuts
  Lair:1: 540 daAuts
